Map: Goldenaura LE

Players

Kazooie

  • Race: Protoss Protoss
  • League: Diamond
  • Spawn Location: 5:00

computer - Winner!

  • Race: Terran Terran
  • Spawn Location: 12:00

VOD

Have the link to the VOD?

Description

Time

  • Played on: Sept. 29, 2024, 6:05 p.m.
  • Length: 12:16
Show
View Real Time Build Order
Export as new Build Order

Kazooie Protoss 

Build Orders: 1 Gate Expand 

Get SALT Encoding   

  12  0:00  Probe  
  13  0:12  Probe  
  14  0:19  Pylon  
  14  0:24  Probe  
  15  0:37  Gateway, Probe  
  16  0:49  Probe  
  18  1:08  Nexus  
  17  1:13  Assimilator  
  18  1:25  Cybernetics Core  
  17  1:27  Probe  
  18  1:38  Pylon  
  18  1:39  Probe  
  19  1:51  Probe  
  19  1:53  Warp Gate (Chrono Boost)  
  20  1:57  Gateway  
  20  2:02  Adept (Chrono Boost)  
  20  2:07  Probe  
  22  2:20  Probe  
  24  2:22  Probe  
  24  2:24  Adept  
  26  2:32  Probe  
  26  2:35  Probe  
  28  2:43  Adept  
  28  2:44  Probe  
  31  2:47  Probe  
  31  2:50  Pylon  
  32  2:56  Probe  
  32  2:59  Probe  
  32  3:08  Probe  
  32  3:11  Probe  
  34  3:20  Probe  
  34  3:22  Adept x2  
  34  3:23  Probe  
  40  3:27  Shield Battery  
  40  3:32  Probe  
  41  3:35  Probe  
  41  3:36  Twilight Council  
  42  3:44  Probe  
  42  3:47  Stalker, Probe  
  39  4:05  Probe x2  
  39  4:09  Adept  
  43  4:14  Assimilator  
  43  4:16  Assimilator  
  40  4:17  Probe x2  
  41  4:25  Nexus  
  41  4:26  Pylon  
  41  4:27  Assimilator  
  41  4:29  Probe x2  
  41  4:30  Adept  
  45  4:37  Charge (Chrono Boost)  
  45  4:40  Adept  
  45  4:41  Probe x2  
  49  4:48  Shield Battery  
  49  4:53  Probe x2  
  51  5:00  Adept  
  51  5:05  Probe x2  
  55  5:16  Stalker  
  55  5:17  Probe x2  
  55  5:29  Probe  
  55  5:30  Templar Archives, Probe  
  55  5:37  Probe  
  55  5:40  Shield Battery  
  55  5:41  Probe  
  57  5:44  Pylon, Stalker  
  57  5:45  Probe  
  60  5:50  Pylon  
  60  5:54  Pylon  
  60  5:55  Probe  
  60  5:56  Robotics Facility, Probe  
  62  5:58  Probe  
  62  6:00  Blink (Chrono Boost)  
  63  6:04  Assimilator  
  63  6:06  Assimilator  
  63  6:08  Probe x2, High Templar  
  63  6:10  Probe  
  68  6:13  Gateway  
  68  6:14  Gateway  
  68  6:20  Probe  
  68  6:21  Gateway x2  
  68  6:25  High Templar  
  71  6:26  Probe  
  72  6:35  Gateway  
  72  6:36  Gateway  
  72  6:38  Gateway  
  72  6:40  Probe  
  72  6:41  Gateway  
  72  6:45  Psionic Storm  
  73  6:50  Probe x2  
  73  6:52  High Templar  
  77  6:54  Pylon  
  77  6:57  Observer (Chrono Boost)  
  77  6:58  Probe  
  79  7:02  Probe x2  
  79  7:03  Adept  
  79  7:07  Pylon  
  83  7:08  Observer (Chrono Boost)  
  83  7:11  Probe  
  83  7:14  Zealot, Probe x2  
  83  7:15  Zealot  
  91  7:23  Probe  
  91  7:25  Stargate  
  91  7:26  Stargate, Probe  
  93  7:32  Probe  
  93  7:35  Probe  
  94  7:41  Nexus  
  94  7:43  Shield Battery  
  95  7:44  Probe x2  
  95  7:45  Observer  
  97  8:01  Zealot, High Templar  
  97  8:02  Zealot x8  
  117  8:07  Assimilator  
  117  8:12  Assimilator  
  117  8:16  Observer  
  116  8:28  Fleet Beacon  
  116  8:29  Pylon  
  116  8:31  Pylon  
  116  8:43  Pylon  
  116  8:44  Pylon  
  116  8:45  Pylon  
  116  8:46  Observer  
  117  8:58  Stalker x9  
  117  8:59  Probe  
  117  9:00  Probe  
  137  9:04  Stargate, Observer  
  136  9:11  Tempest x2  
  146  9:24  Stalker x2  
  146  9:25  Zealot x4  
  148  9:44  Zealot  
  148  9:45  Zealot x2  
  126  9:52  Zealot x5  
  111  10:06  Tempest  
  111  10:07  Tempest  
  106  10:10  Zealot x4  
  108  10:24  Zealot  
  108  10:25  Zealot x4  
  118  10:35  High Templar x3  
  123  10:49  Tempest x2  
  107  11:21  Zealot x5  
  90  11:26  Zealot  
  90  11:29  High Templar  
  90  11:32  Tempest  
  86  11:35  High Templar x2  
  79  11:42  Zealot, High Templar x2  
  79  11:43  Zealot x2  
Show
View Real Time Build Order
Export as new Build Order

computer Terran - Winner!

Build Orders: Reaper Expand 

Get SALT Encoding   

  12  0:00  SCV  
  13  0:13  SCV  
  14  0:17  Supply Depot  
  14  0:25  SCV  
  15  0:39  SCV  
  15  0:40  Barracks  
  16  0:47  Refinery  
  16  0:51  SCV  
  17  1:03  SCV  
  18  1:15  SCV  
  19  1:28  Orbital Command  
  19  1:30  Reaper  
  20  1:43  Command Center  
  20  1:54  Supply Depot  
  20  1:55  SCV  
  21  2:02  Marine  
  21  2:07  SCV  
  23  2:14  Factory  
  23  2:15  Refinery  
  23  2:19  SCV  
  24  2:25  Barracks Reactor  
  24  2:26  Refinery  
  24  2:31  SCV  
  25  2:46  Barracks  
  25  3:00  Bunker  
  25  3:01  SCV  
  25  3:04  Marine  
  25  3:05  Marine  
  28  3:08  Factory Tech Lab  
  28  3:15  Starport  
  28  3:16  SCV  
  29  3:22  Marine x2  
  29  3:26  Orbital Command  
  31  3:31  SCV  
  32  3:39  Factory Reactor  
  32  3:42  Marine x2  
  32  3:45  Stimpack  
  29  3:59  Marine x2  
  28  4:12  Liberator  
  28  4:15  SCV x2  
  33  4:27  SCV x2  
  35  4:32  Marine  
  35  4:33  Marine  
  37  4:39  SCV x2  
  37  4:44  Supply Depot  
  39  4:51  SCV x2  
  39  4:52  Factory Reactor  
  41  5:01  Marine x2  
  41  5:03  SCV x2  
  42  5:16  Marine  
  41  5:37  SCV  
  41  5:40  SCV  
  41  5:41  Marine  
  44  5:44  Liberator  
  44  5:49  SCV, Fusion Core, Barracks  
  48  5:53  Supply Depot  
  48  5:58  SCV  
  48  6:01  Combat Shield, SCV  
  48  6:02  Marine x2  
  52  6:08  Factory Reactor  
  52  6:10  SCV  
  53  6:14  SCV  
  54  6:19  Supply Depot  
  54  6:22  SCV  
  54  6:23  Barracks  
  55  6:26  SCV  
  55  6:29  Barracks  
  55  6:31  Starport  
  56  6:34  SCV  
  56  6:38  SCV  
  56  6:39  Refinery  
  58  6:41  Advanced Ballistics  
  58  6:42  Supply Depot  
  58  6:47  Marine x2  
  58  6:50  Barracks Reactor  
  58  6:52  SCV x2  
  62  6:57  Factory Reactor  
  62  7:01  Liberator x2, Supply Depot  
  62  7:04  SCV  
  62  7:05  SCV  
  70  7:16  SCV  
  70  7:17  SCV  
  72  7:24  Supply Depot  
  72  7:25  Medivac x2, Supply Depot  
  72  7:27  Marine x5  
  81  7:33  Supply Depot  
  81  7:40  Marine x2  
  83  8:03  Marine  
  83  8:04  Marine x8  
  83  8:05  Liberator x2  
  98  8:13  Supply Depot x2  
  98  8:21  Marine  
  98  8:22  Liberator  
  102  8:31  Liberator  
  102  8:32  Marine  
  102  8:34  Marine  
  107  8:42  Marine  
  107  8:48  Marine, Medivac  
  110  8:59  Marine  
  111  9:07  Marine  
  112  9:15  Marine  
  113  9:17  Marine  
  114  9:25  Marine  
  114  9:26  Liberator  
  114  9:27  Liberator, Medivac x2  
  125  9:32  Marine  
  125  9:38  Marine  
  126  9:39  Marine  
  126  9:41  Marine  
  118  9:51  Marine  
  118  9:54  Marine  
  118  9:59  Marine  
  116  10:04  Marine  
  116  10:06  Medivac x2  
  120  10:11  Marine  
  121  10:17  Marine  
  122  10:27  Viking  
  122  10:28  Viking  
  124  10:29  Marine x2  
  126  10:38  Marine  
  126  10:40  Marine  
  126  10:42  Marine  
  120  10:53  Viking x2  
  120  10:54  Marine x2  
  111  11:11  Marine  
  111  11:13  Marine  
  109  11:22  Marine  
  107  11:30  Marine  
  107  11:32  Viking  
  107  11:37  Marine x2  
  116  11:44  Marine x2, Supply Depot  
  116  11:45  Supply Depot  
  117  11:50  Marine  
  116  11:56  Marine  
Tags
 
Add a new tag
Caveats
  • Supply blocks, unpowered buildings, or Contaminate may cause inaccurate times.
  • Supply counts are checked every 10 seconds.